 Dungeon Crawl Stone Soup version 0.31.0-9-g3a7656b989 (webtiles) character file.

Game seed: 14778705243494123046

164 qw the Ducker (level 5, -1/26 HPs)
             Began as a Spriggan Hunter on Feb 2, 2024.
             Killed by divine providence
             ... invoked by an orc priest
              (9 damage)
             ... on level 3 of the Dungeon.
             The game lasted 00:00:08 (2064 turns).

qw the Ducker (Spriggan Hunter)                     Turns: 2064, Time: 00:00:09

Health: -1/26      AC:  2    Str:  7    XL:     5   Next: 21%
Magic:  6/6        EV: 25    Int: 11    God:
Gold:   249        SH:  0    Dex: 20    Spells: 4/4 levels left

rFire   . . .        e - +0 orcbow (heavy)
rCold   + . .        (shield currently unavailable)
rNeg    . . .        c - +0 robe
rPois   .            (helmet restricted)
rElec   .            (no cloak)
rCorr   .            (gloves unavailable)
SInv    +            (boots unavailable)
Will    .....        i - amulet of the acrobat
Stlth   ++           d - ring of protection from cold
HPRegen 0.24/turn    a - +5 ring of evasion
MPRegen 0.10/turn

%: acrobat
@: very quick
A: very small, no large weapons, unfitting armour, see invisible, speed 3
a: no special abilities


You were on level 3 of the Dungeon.
You visited 1 branch of the dungeon, and saw 3 of its levels.

You collected 249 gold pieces.


Innate Abilities, Weirdness & Mutations

You are very small and have problems with some larger weapons.
You are too small for most types of armour.
You have supernaturally acute eyesight. (SInv)
You cover ground extremely quickly. (Speed+++)


   Skills:
 - Level 2.1 Fighting
 + Level 5.2 Ranged Weapons
 - Level 5.2 Dodging
 - Level 1.5 Stealth


You had 4 spell levels left.
You didn't know any spells.
Your spell library was empty.

Inventory:

Hand Weapons
 e - a +0 heavy orcbow (weapon)
Armour
 c - a +0 robe (worn)
 h - a scarf of invisibility
Jewellery
 a - a +5 ring of evasion (right hand)
 d - a ring of protection from cold (left hand)
 i - an amulet of the acrobat (around neck)
Wands
 k - a wand of flame (10)
Scrolls
 f - a scroll of identify
 g - 2 scrolls of teleportation
 j - a scroll of immolation {unknown}
Potions
 b - a potion of haste {unknown}

Dungeon Overview and Level Annotations

Branches:
Dungeon (3/15)

Altars:

Annotations:
D:3 Grinder


Message History

An orc wizard comes into view. It is wielding a +0 dagger.
You shoot an arrow. The arrow barely misses the orc. x2
The orc priest shouts!
The goblin shouts!
The orc shouts!
You hear a shout!
The orc wizard mumbles some strange words.
The orc wizard flickers and vanishes for a moment.
You shoot an arrow. The arrow closely misses the orc.
The orc priest invokes the aid of Beogh against you.
Beogh smites you!
Ouch! That really hurt!
Grinder comes into view.
You shoot an arrow.
The arrow hits the orc but does no damage.
The orc misses you. The orc completely misses you.
The orc priest looks braver for a moment.
You shoot an arrow. The arrow hits the orc!!
You kill the orc!
Grinder blinks!
The frilled lizard closely misses you.
You shoot an arrow. The arrow closely misses the orc.
The frilled lizard closely misses you. The orc completely misses you.
The goblin hits you with a +0 club. The orc closely misses you.
The frilled lizard misses you.
You shoot an arrow. The arrow completely misses the orc.
The orc misses you. The goblin completely misses you.
The frilled lizard bites you but does no damage.
The orc misses you.
Grinder blinks!
The goblin hits you but does no damage. The orc barely misses you.
The orc misses you. The frilled lizard barely misses you.
You shoot an arrow. The arrow hits the orc!
You kill the orc!
The orc completely misses you. The goblin misses you.
The frilled lizard bites you.
Grinder says, "I used to sell toenails on the black market."
The goblin hits you with a +0 club. The orc completely misses you.
The frilled lizard completely misses you.
You shoot an arrow. The arrow closely misses the goblin.
The orc misses you. The goblin misses you.
The orc priest invokes the aid of Beogh against you.
Beogh smites you!
You die...

##.# ## ##..# .# #...# .
.# ##.#.# .. .# #..#.#
... .####.##.# ....
..#...##.# ####oo...
....####.### ###)goo.5..
..### #....# #..@# .
..#####....# #.##l......
.....##....###.##o#.....
#..........##...........
......#............#....
###..........#.....# ?.
# #....#....##>....# #
###[...#.....#.....#
.........###...#####


You could see Grinder, an orc priest, an orc wizard (invisible), 3 orcs, a
goblin and a frilled lizard.

Vanquished Creatures
  An orc priest (D:3)
  Ijyb (D:3)
  3 adders
  3 ribbon worms
  11 orcs (D:3)
  6 ball pythons
  3 endoplasms
  3 giant cockroaches
  2 goblins (D:2)
  2 hobgoblins (D:2)
  6 jackals (D:3)
  5 quokkas
  2 bats
  3 frilled lizards
  7 kobolds
  3 rats
61 creatures vanquished.

Notes
Turn   | Place    | Note
-------+----------+-------------------------------------------
     0 | D:1      | qw the Spriggan Hunter began the quest for the Orb.
     0 | D:1      | Reached XP level 1. HP: 10/10 MP: 2/2
     0 | D:1      | 0 ||| qw: Version: 0.3-a-155-g5e7d8dd
     0 | D:1      | 0 ||| qw: Game counter: 1374
     0 | D:1      | 0 ||| qw: Melee chars always use a shield: true
     0 | D:1      | 0 ||| qw: God list: Okawaru
     0 | D:1      | 0 ||| qw: Allow faded altars: false
     0 | D:1      | 0 ||| qw: Do Orc after clearing Dungeon:15 true
     0 | D:1      | 0 ||| qw: Do second Lair branch before Depths: true
     0 | D:1      | 0 ||| qw: Lair rune preference: random
     0 | D:1      | 0 ||| qw: Goals: Normal
     0 | D:1      | 0 ||| PLANNING D:1-11
   249 | D:1      | Reached skill level 3 in Dodging
   604 | D:1      | Reached XP level 2. HP: 14/14 MP: 3/3
   668 | D:1      | 668 ||| UPGRADING to ring of protection from cold.
   669 | D:1      | 669 ||| READING scroll labelled IMIEMUOHYA.
   670 | D:1      | 670 ||| READING scroll labelled XOEHEC GOXOAWK.
   670 | D:1      | 670 ||| IDENTIFYING scroll labelled XEAJ CEUR FOS
   671 | D:1      | 671 ||| READING scroll of enchant weapon.
   671 | D:1      | 671 ||| ENCHANTING +0 shortbow.
   672 | D:1      | 672 ||| DROPPING scroll of butterflies.
   746 | D:2      | 746 ||| SWAPPING to +0 orcbow.
   748 | D:2      | 748 ||| DROPPING +1 shortbow.
   991 | D:2      | Reached XP level 3. HP: 18/18 MP: 4/4
  1645 | D:2      | 1645 ||| UPGRADING to amulet of the acrobat.
  1650 | D:2      | 1650 ||| UPGRADING to +5 ring of evasion.
  1651 | D:2      | 1651 ||| READING scroll labelled MOOT GAPRU.
  1652 | D:2      | 1652 ||| READING scroll labelled JAIMAK BALO.
  1657 | D:2      | 1657 ||| READING scroll labelled YTHROH WENLAQUI.
  1657 | D:2      | 1657 ||| BRANDING +0 orcbow.
  1658 | D:2      | 1658 ||| READING scroll labelled REXOMI LOANYR.
  1682 | D:3      | 1682 ||| RETREEEEATING.
  1687 | D:3      | HP: 3/18 [giant cockroach (2)]
  1694 | D:3      | Reached XP level 4. HP: 5/22 MP: 5/5
  1703 | D:3      | 1703 ||| FLEEEEING.
  1704 | D:3      | 1704 ||| STAIRDANCE
  1779 | D:3      | 1779 ||| READING scroll of brand weapon.
  1779 | D:3      | 1779 ||| BRANDING +0 orcbow of flaming.
  1927 | D:3      | Noticed Ijyb
  1936 | D:3      | Killed Ijyb
  1937 | D:3      | Reached XP level 5. HP: 20/26 MP: 6/6
  2058 | D:3      | Noticed Grinder
  2064 | D:3      | Killed from afar by an orc priest

Levels and vault maps discovered:
D:1:      matt_arrival_spirals, layout_loops_cross
D:2:      cheibrodos_helix_gallery, layout_basic, nrook_uturn
D:3:      layout_rooms, kennysheep_orc_chapel, uniq_ijyb, uniq_grinder

Skill      XL: |  1  2  3  4 |
---------------+-------------+-----
Dodging        | 3 4 5 |  5.2
Ranged Weapons | 5 |  5.2
Fighting       | 2 |  2.1
Stealth        | |  1.5

Action                     |  1- 3 |  4- 6 || total
---------------------------+-------+-------++-------
   Fire: Shortbow          |    20 |       ||    20
         Orcbow            |    87 |    49 ||   136
    Use: Scroll            |     7 |     1 ||     8
 Armour: Robe              |    14 |    15 ||    29
  Dodge: Dodged            |    42 |    48 ||    90

Table legend:
 A = Non-vault XP
 B = Vault XP
 C = Vault XP percentage of total XP
 D = Non-vault monster count
 E = Vault monster count
 F = Vault count percentage of total count
                 A         B        C        D         E       F
            +---------+---------+-------+---------+---------+-------
      Total |     148 |      87 |  37.0 |      56 |       5 |   8.2
            +---------+---------+-------+---------+---------+-------
        D:1 |      12 |       0 |   0.0 |       8 |       0 |   0.0
        D:2 |      64 |       1 |   1.5 |      23 |       1 |   4.2
        D:3 |      72 |      86 |  54.4 |      25 |       4 |  13.8
            +---------+---------+-------+---------+---------+-------
